 Dungeon Crawl Stone Soup version 0.29-a0-367-gc2b5878c41 (webtiles) character file.

Game seed: 13559037794033023032

1213 Lekart the Blocker (level 8, -5/67 HPs)
             Began as a Red Draconian Chaos Knight on May 1, 2022.
             Was a Plaything of Xom.
             Slain by a hellwing (22 damage)
             ... summoned by Xom
             ... on level 5 of the Dungeon.
             The game lasted 00:05:37 (4220 turns).

Lekart the Blocker (Red Draconian Chaos Knight)     Turns: 4220, Time: 00:05:37

Health: -5/67      AC:  6    Str: 14    XL:     8   Next: 22%
Magic:  8/8        EV: 13    Int: 14    God:    Xom [......]
Gold:   240        SH:  6    Dex: 12    Spells: 7/7 levels left

rFire   + . .      SeeInvis .   a - +0 falchion (chaos)
rCold   . . .      Faith    .   f - +0 buckler
rNeg    . . .      Spirit   .   (body armour unavailable)
rPois   .          Reflect  .   (helmet restricted)
rElec   .          Harm     .   (no cloak)
rCorr   .          Rampage  .   (no gloves)
Will    +....                   (no boots)
Stlth   +.........              (no amulet)
HPRegen 0.21/turn               (no ring)
MPRegen 0.11/turn               (no ring)

@: invisible
A: breathe fire, AC +6, unfitting armour, fire resistance 1, cold-blooded, horns
2, talons 1, strong-willed 1
a: Breathe Fire, Renounce Religion


You were on level 5 of the Dungeon.
You worshipped Xom.
You were a very special plaything of Xom.
You visited 1 branch of the dungeon, and saw 5 of its levels.

You collected 240 gold pieces.

Inventory:

Hand Weapons
 a - a +0 falchion of chaos (weapon)
 d - a +3 short sword
Armour
 f - a +0 buckler (worn)
Scrolls
 g - 2 scrolls of identify
 i - a scroll of enchant armour
Potions
 c - a potion of heal wounds
 e - a potion of ambrosia
 h - a potion of might
Miscellaneous
 b - a piece from Xom's chessboard (15/15) (quivered)


   Skills:
 + Level 4.8 Fighting
 + Level 5.7 Long Blades
 * Level 4.4 Dodging
 + Level 10.5 Shields
 + Level 0.6 Evocations


You had 7 spell levels left.
You didn't know any spells.
Your spell library contained the following spells:

 Spells                   Type           Power      Damage    Failure   Level
 Ozocubu's Armour         Ice            0%         N/A       71%         3
 Alistair's Intoxication  Tmut/Pois      0%         N/A       100%        5
 Borgnjor's Vile Clutch   Necr/Erth      0%         N/A       100%        5
 Eringya's Noxious Bog    Tmut/Pois      0%         N/A       100%        6
 Ozocubu's Refrigeration  Ice            0%         4d5       100%        7


Dungeon Overview and Level Annotations

Branches:
Dungeon (4/15)
 Temple: D:4-7

Altars:
Qazlal
Xom


Innate Abilities, Weirdness & Mutations

You can breathe blasts of fire.
Your fiery red scales are hard. (AC +6)
You cannot fit into any form of body armour.
Your flesh is heat resistant. (rF+)
You are cold-blooded and may be slowed by cold attacks.
You have a pair of horns on your head.
You have sharp toenails.
You are strong-willed. (Will+)


Message History

You tail-slap the hellwing.
The hellwing is lightly wounded.
The hellwing hits you but does no damage.
The hellwing misses you.
You closely miss the hellwing.
You claw the hellwing, but do no damage.
The hellwing misses you.
The hellwing hits you but does no damage.
The hellwing attacks as you move away! The hellwing closely misses you.
The hellwing barely misses you.
The hellwing swoops through the air toward you!
The hellwing hits you! x2
You hit the hellwing but do no damage. You block the hellwing's attack.
The hellwing hits you but does no damage.
The hellwing attacks as you move away! The hellwing hits you!
* * * LOW HITPOINT WARNING * * *
The hellwing misses you.
Okay, then.
You feel much better. You block the hellwing's attack.
The hellwing hits you but does no damage.
The hellwing swoops through the air toward you!
The hellwing hits you! The hellwing hits you.
You hit the hellwing but do no damage.
The hellwing goes berserk!
Your kick misses the hellwing. The hellwing hits you. x2
* * * LOW HITPOINT WARNING * * *
The hellwing hits you.
* * * LOW HITPOINT WARNING * * *
The hellwing hits you.
* * * LOW HITPOINT WARNING * * *
You emit a cloud of colourful smoke!
You barely miss the hellwing.
You claw the hellwing, but do no damage.
Your headbutt misses the hellwing. The hellwing misses you. x2
The hellwing hits you but does no damage. x2
It was a potion of invisibility.
You fade into invisibility!
Xom roars with laughter!
You block the hellwing's attack. The hellwing closely misses you.
The hellwing hits you!!
You die...

#.# #.## #####
#_.. #...# #.._
#.#.# ###_##
#.#.# #.....
#.#.# #.#.##
#§#.# #.#.#
#@#.# ..#.#.#
#4#.. .....#.#
#§#### #......##
#§######
#.....>.
#§##...###.....#
#.##...#.......#
#.............#
####...#......##
#...#.......#


You could see a hellwing (summoned, berserk, can't see you).

Vanquished Creatures
  Pikel (D:4)
  Sigmund (D:4)
  A black bear (D:5)
  A lemure (D:4)
  A bullfrog (D:3)
  A necrophage (D:5)
  A howler monkey (D:5)
  2 hounds (D:5)
  A jelly (D:5)
  2 iguanas (D:5)
  4 gnolls
  2 adders
  3 worms
  A dart slug (D:1)
  9 orcs
  9 ball pythons
  5 bats
  8 endoplasms
  A giant cockroach (D:3)
  4 goblins
  7 hobgoblins
  4 jackals (D:3)
  3 quokkas
  5 frilled lizards
  6 kobolds
  9 rats
92 creatures vanquished.

Notes
Turn   | Place    | Note
-------+----------+-------------------------------------------
     0 | D:1      | Lekart the Draconian Chaos Knight began the quest for the
                  | Orb.
     0 | D:1      | Reached XP level 1. HP: 19/19 MP: 1/1
   122 | D:1      | Reached XP level 2. HP: 26/26 MP: 2/2
   306 | D:1      | XOM: divination: magic mapping
   381 | D:1      | Reached XP level 3. HP: 6/33 MP: 3/3
   543 | D:1      | XOM: silly message
   698 | D:1      | XOM: silly message
   841 | D:2      | XOM: potion effect (brilliance)
   841 | D:2      | XOM: butterfly on damage
  1363 | D:2      | Found a faded altar of an unknown god.
  1418 | D:2      | XOM: potion effect (experience)
  1418 | D:2      | Reached skill level 10 in Shields
  1418 | D:2      | Reached XP level 4. HP: 40/40 MP: 4/4
  1531 | D:2      | XOM: stat loss: -1 Str (13/14)
  1811 | D:3      | Reached XP level 5. HP: 39/46 MP: 5/5
  2023 | D:3      | XOM: fog
  2129 | D:3      | XOM: give mutation
  2129 | D:3      | Gained mutation: You have a pair of small horns on your
                  | head. [Xom's grace]
  2278 | D:3      | XOM: polymorph worm -> bullfrog
  2900 | D:3      | Found a stormy altar of Qazlal.
  2923 | D:3      | Reached XP level 6. HP: 48/52 MP: 6/6
  3042 | D:4      | Noticed Pikel
  3051 | D:4      | XOM: divination: detect creatures
  3054 | D:4      | XOM: confuse monster(s)
  3058 | D:4      | XOM: fog
  3060 | D:4      | Killed Pikel
  3061 | D:4      | Reached skill level 5 in Long Blades
  3061 | D:4      | Your scales start taking on a fiery red colour.
  3061 | D:4      | Reached XP level 7. HP: 51/60 MP: 7/7
  3061 | D:4      | Gained mutation: Your flesh is heat resistant. (rF+) [Red
                  | Draconian growth]
  3279 | D:4      | Noticed Sigmund
  3288 | D:4      | Killed Sigmund
  3401 | D:4      | You fall into a shaft and drop 1 floor!
  3401 | D:5      | Entered Level 5 of the Dungeon
  3468 | D:5      | XOM: scenery: create altars
  3609 | D:5      | Reached XP level 8. HP: 44/67 MP: 8/8
  3645 | D:5      | XOM: give mutations
  3645 | D:5      | Gained mutation: You have sharp toenails. [Xom's grace]
  3645 | D:5      | Gained mutation: You have a pair of horns on your head.
                  | [Xom's grace]
  3645 | D:5      | Gained mutation: You are strong-willed. (Will+) [Xom's
                  | grace]
  3726 | D:5      | XOM: scenery: 1 doors open, 1 doors close
  3929 | D:5      | XOM: summons 2 hostile shadow creatures
  4193 | D:5      | XOM: summons 1 hostile demon
  4194 | D:5      | Noticed a hellwing
  4216 | D:5      | XOM: smoke on damage
  4220 | D:5      | Slain by a hellwing

Illustrated notes

Levels and vault maps discovered:
D:1:      amcnicky_arrival_abandoned_market, layout_basic
D:2:      layout_rooms, hellmonk_ecumenical_altar_leap_of_faith, st_stairs_7
D:3:      layout_loops_ring, mainiacjoe_overflow_24_doors
D:4:      layout_loops_ring, uniq_edmund, uniq_sigmund, uniq_pikel
D:5:      layout_basic

Skill      XL: |  1  2  3  4  5  6  7 |
---------------+----------------------+-----
Shields        | 10 | 10.5
Fighting       | 4 |  4.8
Long Blades    | 4 5 |  5.7
Dodging        | 3 4 |  4.4
Evocations     | |  0.6

Action                   |  1- 3 |  4- 6 |  7- 9 || total
-------------------------+-------+-------+-------++-------
Melee: Falchion          |    94 |   119 |    88 ||   301
       Tailslap          |    13 |    13 |    12 ||    38
       Headbutt          |       |    17 |    23 ||    40
       Kick              |       |       |    12 ||    12
 Abil: Breathe Fire      |       |       |     2 ||     2
Evoke: Piece from Xom's  |       |     4 |       ||     4
  Use: Scroll            |     6 |     1 |       ||     7
       Potion            |     1 |       |     5 ||     6
 Stab: Sleeping          |       |     2 |     1 ||     3
       Petrifying        |       |     1 |       ||     1
       Confused          |       |     3 |       ||     3
Armor: Skin              |    27 |    26 |    18 ||    71
Dodge: Dodged            |    51 |    75 |    57 ||   183
Block: Buckler           |     3 |    48 |    31 ||    82

Table legend: (Time is in decaauts)
 A = Elapsed time spent in this place.
 B = Non-inter-level travel time spent in this place.
 C = Inter-level travel time spent in this place.
 D = Time resting spent in this place.
 E = Time spent auto-exploring this place.
 F = Levels seen in this place.
 G = Mean time per level.
                   A        B        C        D        E       F      G
               +--------+--------+--------+--------+--------+-----+--------+
         Total |   4236 |   4161 |     75 |    720 |   2717 |   5 |  847.2 |
       Dungeon |   4236 |   4161 |     75 |    720 |   2717 |   5 |  847.2 |
               +--------+--------+--------+--------+--------+-----+--------+

Top non-repeatable levels by time:
     D:3: 1448 daAuts
     D:1: 950 daAuts
     D:5: 823 daAuts
     D:2: 652 daAuts
     D:4: 361 daAuts
